AoeStats
← Zero Wins Gamer

Arabia

505843741Analyzed
1v1 RM · 20d ago on Sep 11, 2026· 53m 27s· 2 players
Game mode
Random Map
Map size
Tiny (2 player)
Population
200
Speed
Normal
Resources
Standard
Victory
Conquest
Starting age
Dark Age
Ending age
Imperial Age
RankedLock teamsTeams togetherTeam positionsShared explorationLock speedFull tech treeHidden civsTurbo modeCheats
Victory
Defeat
🇷🇺 Spanish · Russia
991
+15
🇮🇳 Khmer · India
959
-15
Zero Wins Gamer
10:13 Loom
12:01 Feudal Age
14:00 Wheelbarrow
17:11 Castle Age
15:15 Double-Bit Axe
15:54 Gold Mining
16:02 Horse Collar
18:50 Bow Saw
19:19 Gold Shaft Mining
20:57 Elite Skirmisher
25:37 Stone Mining
27:34 Ballistics
28:47 Stone Shaft Mining
34:59 Imperial Age
35:41 Double Crossbow
36:01 Conscription
36:58 Chemistry
37:52 Fletching
38:04 Scale Mail Armor
38:32 Pikeman
39:44 Capped Ram
42:26 Heavy Scorpion
43:22 Siege Ram
elk
11:04 Feudal Age
18:10 Castle Age
16:11 Double-Bit Axe
16:08 Horse Collar
17:19 Fletching
18:32 Wheelbarrow
21:22 Wheelbarrow
21:54 Gold Mining
22:27 Stone Mining
22:28 Loom
24:41 Bloodlines
26:15 Forging
27:05 Padded Archer Armor
27:26 Town Watch
28:20 Hand Cart
28:41 Bow Saw
33:03 Imperial Age
31:29 Bodkin Arrow
32:17 Ballistics
33:12 Cavalier
33:55 Bracer
35:08 Conscription
35:27 Scale Barding Armor
34:59 Light Cavalry
36:11 Town Patrol
37:19 Chain Barding Armor
38:33 Two-Man Saw
37:50 Scale Mail Armor
38:48 Stone Shaft Mining
38:51 Plate Barding Armor
39:08 Iron Casting
38:39 Husbandry
38:51 Squires
38:37 Gambesons
39:45 Hoardings
39:28 Chain Mail Armor
39:38 Heavy Plow
40:21 Arrowslits
41:39 Chemistry
40:35 Murder Holes
40:51 Masonry
40:38 Elite Skirmisher
41:23 Thumb Ring
42:23 Blast Furnace
41:18 Elite Conquistador
41:31 Hussar
43:36 Plate Mail Armor
43:44 Supremacy
43:57 Leather Archer Armor
43:05 Man-at-Arms
44:54 Paladin
46:42 Ring Archer Armor
46:39 Long Swordsman
47:05 Arson
48:58 Two-Handed Swordsman
Connection lost

Rejoining the realm…

Still unreachable

The connection could not be restored.

Session expired

The server has moved on; the page needs a fresh start.